 Dungeon Crawl Stone Soup version 0.30-a0-358-g0d69a1922f (webtiles) character file.

Game seed: 2344983923613408344

26058 Bnni the Spear-Bearer (level 12, 0/117 HPs)
             Began as a Minotaur Fighter on Nov 10, 2022.
             Was a Believer of Yredelemnul.
             Slain by a deep troll (13 damage)
             ... on level 12 of the Dungeon.
             The game lasted 00:24:14 (12697 turns).

Bnni the Spear-Bearer (Minotaur Fighter)           Turns: 12697, Time: 00:24:15

Health: 0/117      AC: 22    Str: 26    XL:     12   Next: 95%
Magic:  7/17       EV:  8    Int:  5    God:    Yredelemnul [**....]
Gold:   839        SH:  9    Dex: 10    Spells: 11/11 levels left

rFire   . . .      SeeInvis +    B - +2 spear (venom)
rCold   + . .      Faith    .    U - +0 kite shield
rNeg    . . .      Spirit   .    S - +2 plate armour {rC+}
rPois   .          Reflect  .    (helmet restricted)
rElec   .          Harm     .    w - +0 cloak
rCorr   .          Rampage  .    V - +0 pair of gloves
Will    .....                    G - +1 pair of boots
Stlth   ..........               M - amulet of the acrobat
HPRegen 0.39/turn                z - +4 ring of slaying
MPRegen 0.15/turn                v - ring of see invisible

@: no status effects
A: horns 2, retaliatory headbutt
a: Renounce Religion, Recall Undead Harvest, Dark Bargain


You were on level 12 of the Dungeon.
You worshipped Yredelemnul.
Yredelemnul was aware of your devotion.
You visited 2 branches of the dungeon, and saw 13 of its levels.
You also visited: Ossuary and Bailey.

You collected 977 gold pieces.
You spent 138 gold pieces at shops.

Inventory:

Hand Weapons
 a - a +0 trident
 B - a +2 spear of venom (weapon)
Missiles
 g - 4 javelins (quivered)
 I - 28 poisoned darts
 T - a throwing net
 W - 6 datura-tipped darts
Armour
 w - a +0 cloak (worn)
 G - a +1 pair of boots (worn)
 S - a +2 plate armour of cold resistance (worn)
 U - a +0 kite shield (worn)
 V - a +0 pair of gloves (worn)
Jewellery
 v - a ring of see invisible (right hand)
 z - a +4 ring of slaying (left hand)
 M - an amulet of the acrobat (around neck)
Wands
 b - a wand of roots (6)
 t - a wand of flame (52)
 A - a wand of charming (9)
 F - a wand of polymorph (4)
 O - a wand of digging (1)
Scrolls
 c - a scroll of poison {unknown}
 e - 3 scrolls of enchant weapon {unknown}
 f - a scroll of vulnerability {unknown}
 i - 5 scrolls of magic mapping {unknown}
 m - 5 scrolls of teleportation
 o - a scroll of brand weapon {unknown}
 r - 4 scrolls of fear {unknown}
 x - 4 scrolls of noise {unknown}
 y - 3 scrolls of enchant armour {unknown}
 D - 3 scrolls of butterflies {unknown}
 H - a scroll of blinking
 Q - 2 scrolls of identify
 R - a scroll of summoning {unknown}
Potions
 d - a potion of might
 h - a potion of lignification {unknown}
 j - 3 potions of berserk rage
 k - a potion of resistance
 l - 9 potions of heal wounds
 n - 2 potions of mutation
 p - 4 potions of invisibility {unknown}
 q - 2 potions of cancellation {unknown}
 s - 7 potions of curing
 u - 2 potions of ambrosia
 C - 6 potions of attraction
 E - 3 potions of flight {unknown}
 J - 4 potions of magic {unknown}
 K - a potion of haste {unknown}
 L - a potion of brilliance {unknown}
 N - a potion of experience


   Skills:
 + Level 14.0 Fighting
 - Level 14.0 Polearms
 + Level 11.3 Armour
 + Level 7.0 Dodging
 * Level 7.1 Shields
 * Level 9.0 Invocations


You had 11 spell levels left.
You didn't know any spells.
Your spell library contained the following spells:

 Spells                   Type           Power      Damage    Failure   Level
 Apportation              Tloc           0%         N/A       100%        1
 Magic Dart               Conj           0%         1d3       100%        1
 Necrotise                Necr           0%         1d4       100%        1
 Summon Small Mammal      Summ           0%         N/A       100%        1
 Searing Ray              Conj           0%         2d4       100%        2
 Gell's Gravitas          Tloc           0%         N/A       100%        3
 Lesser Beckoning         Tloc           0%         N/A       100%        3
 Teleport Other           Tloc           0%         N/A       100%        3
 Fulminant Prism          Conj/Hex       0%         3d5       100%        4
 Iskenderun's Battlesphe  Conj           0%         2d6       100%        5
 Iron Shot                Conj/Erth      0%         9d1       100%        6
 Spellforged Servitor     Conj/Summ      0%         N/A       100%        7


Dungeon Overview and Level Annotations

Branches:
Dungeon (12/15)            Temple (1/1) D:4            Lair (0/5) D:9
    Orc (0/2) D:11        Ossuary (visited)          Bailey (visited)

Altars:
Ashenzari
Cheibriados
Dithmenos
Elyvilon
Fedhas
Gozag
Hepliaklqana
Kikubaaqudgha
Makhleb
Nemelex Xobeh
Okawaru
Qazlal
Ru
Sif Muna
Trog
Uskayaw
Vehumet
Wu Jian
Xom
Yredelemnul
Zin
The Shining One

Shops:
D:4 [   D:5 =[   D:6 *   D:7 ?   D:8 (


Innate Abilities, Weirdness & Mutations

You have a pair of horns on your head.
You reflexively headbutt those who attack you in melee.


Message History

Aim: an iron troll (almost dead, possessable, not watching you, extremely poisoned, ally target, about 12% to evade your +2 spear of venom)
You reach to attack!
You hit the iron troll but do no damage.
The iron troll looks as sick as possible!
The iron troll is almost dead.
Reach: B) +2 spear (venom)
Press: ? - help, Dir - move target, f/p - iron troll
Aim: an iron troll (black smoke, almost dead, possessable, extremely poisoned, ally target, about 12% to evade your +2 spear of venom)
You reach to attack!
You hit the iron troll but do no damage.
The iron troll looks as sick as possible!
The iron troll is almost dead.
Your troll zombie bites the iron troll but does no damage.
Your troll zombie claws the iron troll but does no damage.
Your troll zombie claws the iron troll.
Unknown command.
Reach: B) +2 spear (venom)
Press: ? - help, Dir - move target, f - deep troll, p - iron troll
Aim: a deep troll (about 25% to evade your +2 spear of venom)
Okay, then.
The iron troll's soul is now yours.
You can now trade souls for undead servants.
Reach: B) +2 spear (venom)
Press: ? - help, Dir - move target, f - deep troll, p - bound iron troll
Aim: a deep troll (about 25% to evade your +2 spear of venom)
You puncture the deep troll! You headbutt the deep troll.
The deep troll is moderately wounded.
You block the deep troll's attack.
The deep troll claws you but does no damage.
The deep troll claws you.
* * * LOW HITPOINT WARNING * * *
Your troll zombie barely misses the deep troll.
Your troll zombie claws the deep troll.
Your troll zombie misses the deep troll.
The deep troll attacks as you move away!
The deep troll bites you!
* * * LOW HITPOINT WARNING * * *
The deep troll claws you!
You die...
Your body rises from the dead as a mindless zombie.

≈≈≈≈≈≈..............
≈≈≈≈≈≈.|..........#. ...
####≈≈............#. ....
#.[#≈≈........)...## ....
#..#≈≈............##
....≈#TT#≈≈...........###
....≈##T#≈≈..........## #
....≈≈≈T≈≈≈........###
......ZZ@......#####
....≈≈≈.≈≈≈....#
.[..≈≈#'##≈....#
....≈≈#..#≈....##
....≈≈#..#≈....)# ....≈
#|.#≈...).#
....≈≈####≈.....# #
....≈≈≈≈≈≈≈.....# #
≈≈≈≈≈≈≈...(.#### ##


You could see 2 deep trolls, 2 trolls, a friendly bound iron troll and a
friendly troll zombie.

Vanquished Creatures
  An orc warlord (Bailey)
  Harold (D:11)
  2 death yaks (D:12)
  6 two-headed ogres
  Amaemon (D:10)
  A deep troll (D:12)
  An orc knight (Bailey)
  5 centaur zombies (D:11)
  Joseph (D:8)
  3 trolls
  A hornet (D:8)
  A slime creature (D:11)
  2 vampires
  3 shadows
  A wraith (D:11)
  A wyvern (D:11)
  2 steam dragons
  14 yaks
  3 acid dragons
  2 wargs (D:9)
  A water moccasin (D:6)
  12 orc warriors
  2 ice beasts (D:7)
  A black bear (D:5)
  2 centaurs
  2 phantoms
  3 kobold brigands
  3 gnoll sergeants
  2 scorpions
  3 necrophages
  3 bullfrogs
  3 water moccasin zombies (Ossuary)
  5 wights (D:7)
  11 killer bees (D:9)
  3 howler monkeys
  5 gnoll boudas
  5 hounds
  9 orc priests
  Crazy Yiuf (D:2)
  2 iguanas
  10 orc wizards
  2 mummies (Ossuary)
  6 adders
  30 gnolls
  2 shadow imps
  2 white imps
  3 ufetubi
  5 adder zombies (Ossuary)
  A worm (D:3)
  32 orcs
  6 ball pythons
  4 bats
  10 endoplasms
  2 giant cockroaches (D:1)
  12 goblins
  16 hobgoblins
  3 jackals (D:1)
  11 kobolds
  6 quokkas
  5 frilled lizards
  2 goblin zombies (D:8)
  4 hobgoblin zombies (Ossuary)
  7 kobold zombies (Ossuary)
  4 orc zombies (Ossuary)
  5 rats
320 creatures vanquished.

Vanquished Creatures (collateral kills)
  A boulder beetle (D:11)
  2 two-headed ogres (D:10)
  A death yak (D:12)
  A manticore (D:11)
  3 cyclopes (D:11)
  An orange demon (D:10)
  3 trolls
  A meliai zombie (D:11)
  A vampire (D:11)
  A shadow (D:11)
  5 yaks
  A warg (D:9)
  An orc warrior (D:11)
  A kobold brigand (D:11)
  3 howler monkeys
  2 orc priests
  3 orc wizards
  7 gnolls
  6 orcs
  A kobold (D:10)
45 creatures vanquished.

Vanquished Creatures (others)
  A boulder beetle zombie (D:11)
  A slime creature zombie (D:11)
  A two-headed ogre zombie (D:11)
  A human zombie (D:11)
  A wyvern zombie (D:11)
  A cyclops zombie (D:11)
  A troll zombie (D:11)
  3 yak zombies (D:9)
  10 killer bee zombies (D:9)
  2 kobold zombies
  2 howler monkey zombies
  2 gnoll zombies
  6 orc zombies
  2 fungi
  6 plants
  15 withered plants (D:11)
55 creatures vanquished.

Grand Total: 420 creatures vanquished

Notes
Turn   | Place    | Note
-------+----------+-------------------------------------------
     0 | D:1      | Bnni the Minotaur Fighter began the quest for the Orb.
     0 | D:1      | Reached XP level 1. HP: 19/19 MP: 0/0
   241 | D:1      | Reached XP level 2. HP: 27/27 MP: 1/1
   406 | D:1      | Reached XP level 3. HP: 29/33 MP: 2/2
   534 | D:1      | Found a faded altar of an unknown god.
  1224 | D:2      | Identified the +5 long sword of the Hierophant {flame,
                  | rElec}
  1242 | D:2      | Reached XP level 4. HP: 40/40 MP: 3/3
  1638 | D:2      | Found a runed translucent door.
  1639 | D:2      | Noticed Crazy Yiuf
  1648 | D:2      | Killed Crazy Yiuf
  2076 | D:3      | Reached skill level 5 in Shields
  2477 | D:4      | Noticed a scorpion
  2484 | D:4      | Killed a scorpion
  2485 | D:4      | Reached skill level 5 in Polearms
  2485 | D:4      | Reached XP level 5. HP: 41/47 MP: 4/4
  2595 | D:4      | Noticed a phantom
  2608 | D:4      | Killed a phantom
  2609 | D:4      | Reached skill level 5 in Fighting
  2681 | D:4      | Reached XP level 6. HP: 56/56 MP: 5/5
  2894 | D:4      | Found a staircase to the Ecumenical Temple.
  2900 | Temple   | Entered the Ecumenical Temple
  3168 | D:4      | Found Asmugel's Antique Armour Shoppe.
  3260 | D:4      | Found an opulent altar of Gozag.
  3358 | D:5      | Entered Level 5 of the Dungeon
  3366 | D:5      | Found Ittesch's Armour Shop.
  4171 | D:5      | Reached XP level 7. HP: 62/62 MP: 6/6
  4263 | D:5      | Found Joimoummee's Jewellery Shoppe.
  5388 | D:6      | Reached XP level 8. HP: 51/73 MP: 7/7
  5637 | D:5      | Bought a +1 pair of boots for 138 gold pieces
  5690 | D:6      | Reached skill level 10 in Polearms
  5739 | D:6      | Found Fuefew Soir's General Store.
  5778 | D:6      | Noticed a troll
  5787 | D:6      | Killed a troll
  6351 | D:7      | Reached XP level 9. HP: 53/82 MP: 8/8
  6472 | D:7      | Found a flagged portal.
  6481 | Bailey   | Entered a bailey
  6574 | Bailey   | Noticed an orc knight
  6601 | Bailey   | Killed an orc knight
  6827 | Bailey   | Noticed an orc warlord
  6854 | Bailey   | Killed an orc warlord
  6855 | Bailey   | Reached skill level 10 in Fighting
  6855 | Bailey   | Reached skill level 5 in Armour
  6855 | Bailey   | Reached XP level 10. HP: 84/93 MP: 9/9
  7128 | D:7      | Found a hide-covered altar of Uskayaw.
  7383 | D:7      | Found Qenlosha's Magic Scroll Shop.
  7877 | D:8      | Found Koaxt's Antique Weapon Emporium.
  7891 | D:8      | Noticed a two-headed ogre
  7899 | D:8      | Noticed Joseph
  7925 | D:8      | Killed a two-headed ogre
  7937 | D:8      | Killed Joseph
  8202 | D:8      | Found a sand-covered staircase.
  8209 | Ossuary  | Entered an ossuary
  8538 | D:8      | Reached skill level 1 in Dodging
  8580 | D:8      | Found a radiant altar of Vehumet.
  8580 | D:8      | Found a broken altar of Ashenzari.
  8582 | D:8      | Found a shadowy altar of Dithmenos.
  8582 | D:8      | Found an iron altar of Okawaru.
  8585 | D:8      | Found a basalt altar of Yredelemnul.
  8585 | D:8      | Found a shimmering altar of Xom.
  8593 | D:8      | Became a worshipper of Yredelemnul the Dark
  9109 | D:9      | Reached * piety under Yredelemnul
  9116 | D:9      | Reached skill level 1 in Invocations
  9132 | D:9      | Reached ** piety under Yredelemnul
  9140 | D:9      | Reached XP level 11. HP: 104/104 MP: 9/11
  9214 | D:9      | Reached *** piety under Yredelemnul
  9259 | D:9      | Noticed a two-headed ogre
  9274 | D:9      | Reached **** piety under Yredelemnul
  9277 | D:9      | Killed a two-headed ogre
  9281 | D:9      | Reached ***** piety under Yredelemnul
  9444 | D:9      | Found a staircase to the Lair.
  9861 | D:10     | Entered Level 10 of the Dungeon
 10290 | D:10     | Noticed a two-headed ogre
 10306 | D:10     | Killed a two-headed ogre
 10307 | D:10     | Reached skill level 5 in Invocations
 10510 | D:10     | Noticed a two-headed ogre
 10519 | D:10     | Killed a two-headed ogre
 10723 | D:10     | Noticed a two-headed ogre
 10729 | D:10     | Killed a two-headed ogre
 10776 | D:10     | Noticed a two-headed ogre
 10781 | D:10     | Killed a two-headed ogre
 11009 | D:10     | Noticed Amaemon
 11019 | D:10     | Killed Amaemon
 11020 | D:10     | Reached skill level 10 in Armour
 11020 | D:10     | Reached skill level 5 in Dodging
 11095 | D:11     | Noticed a two-headed ogre
 11096 | D:11     | Noticed Harold
 11103 | D:11     | Killed a two-headed ogre
 11104 | D:11     | Reached XP level 12. HP: 67/115 MP: 15/15
 11116 | D:11     | Killed Harold
 11129 | D:11     | Noticed a boulder beetle
 11144 | D:11     | Killed a boulder beetle
 11462 | D:11     | Your ally Harold died
 11999 | D:11     | Noticed a two-headed ogre
 12009 | D:11     | Killed a two-headed ogre
 12290 | D:11     | Found a staircase to the Orcish Mines.
 12414 | D:12     | Noticed a death yak
 12417 | D:12     | Noticed a death yak
 12423 | D:12     | Killed a death yak
 12437 | D:12     | Killed a death yak
 12622 | D:12     | Noticed a death yak
 12640 | D:12     | Killed a death yak
 12697 | D:12     | Slain by a deep troll

Illustrated notes

Levels and vault maps discovered:
D:1:      dpeg_arrival_castle, layout_rooms, shapermc_ecumenical_altar_petra,
          minmay_tromino_v7
D:2:      layout_basic, uniq_crazy_yiuf_cottage
D:3:      layout_loops_ring, minivault_19, minmay_close_crescents
D:4:      layout_gridville, lemuel_coloured_pillars_altar,
          minmay_temple_entry_fiery, kennysheep_cross_room,
          nicolae_stop_n_shop_2, minmay_misc_feat_tiny
D:5:      layout_basic, serial_shops, shop_fountains, nicolae_take_the_stairs,
          roderic_filled_cross
D:6:      layout_basic, serial_shops, nicolae_shop_competitors_out_of_business
D:7:      layout_basic, marbit_many_paths, serial_shops, kennysheep_little_box,
          enter_bailey_6, serial_bayou_pond_a, hangedman_decor_points
D:8:      layout_layer_cave, grunt_temple_overflow_open, enter_ossuary_4,
          serial_shops, nicolae_shop_temple_entry_statues_fountains, uniq_joseph
D:9:      layout_small_grid, erik_lair_orcish_takeover, corexii_corridor_pit,
          minmay_fractal_squares_5
D:10:     layout_basic, kennysheep_generic_room_3, uniq_amaemon
D:11:     layout_small_grid, david_orc_4, serial_undead, serial_undead_b,
          serial_undead_b, serial_undead_a, serial_undead_b, serial_undead_f,
          serial_undead_b, hangedman_corner_corridor, uniq_harold
D:12:     lemuel_troll_bridge, layout_cave_pods,
          gammafunk_ghost_berserking_beasts
Temple:   nicolae_temple_two_arcs

Skill      XL: |  1  2  3  4  5  6  7  8  9 10 11 12 |
---------------+-------------------------------------+-----
Shields        | 4 5 7 |  7.1
Polearms       | 3 5 7 8 11 13 14 | 14.0
Fighting       | 4 5 7 8 10 12 13 14 | 14.0
Armour         | 5 8 10 11 | 11.3
Dodging        | 2 5 7 |  7.0
Invocations    | 1 6 9 |  9.0

Action                   |  1- 3 |  4- 6 |  7- 9 | 10-12 || total
-------------------------+-------+-------+-------+-------++-------
Melee: Trident           |   113 |    98 |       |       ||   211
       Headbutt          |    11 |    16 |    50 |   124 ||   201
       Spear             |       |    24 |   286 |   666 ||   976
Throw: Javelin           |       |     2 |     1 |       ||     3
       Dart              |       |       |     1 |     2 ||     3
Invok: Recall Undead Har |       |       |       |     7 ||     7
       Bind Soul         |       |       |       |     1 ||     1
       Dark Bargain      |       |       |       |     1 ||     1
  Use: Potion            |       |       |     3 |       ||     3
       Scroll            |       |       |     5 |     4 ||     9
 Stab: Distracted        |       |       |     2 |     5 ||     7
Armor: Scale mail        |    49 |     4 |       |       ||    53
       Chain mail        |       |    59 |     5 |       ||    64
       Plate armour      |       |       |    53 |   135 ||   188
Dodge: Dodged            |    39 |    25 |    26 |    98 ||   188
Block: Buckler           |    26 |    26 |    25 |    42 ||   119
       Kite shield       |       |       |       |    49 ||    49

Table legend: (Time is in decaauts)
 A = Elapsed time spent in this place.
 B = Non-inter-level travel time spent in this place.
 C = Inter-level travel time spent in this place.
 D = Time resting spent in this place.
 E = Time spent auto-exploring this place.
 F = Levels seen in this place.
 G = Mean time per level.
                   A        B        C        D        E       F      G
               +--------+--------+--------+--------+--------+-----+--------+
         Total |  12296 |  11822 |    474 |    891 |   8749 |  15 |  819.7 |
       Dungeon |  11655 |  11187 |    468 |    776 |   8569 |  12 |  971.2 |
        Temple |    117 |    111 |      6 |      0 |    104 |   1 |  117.0 |
       Ossuary |    127 |    127 |      0 |      0 |     76 |   1 |  127.0 |
        Bailey |    396 |    396 |      0 |    115 |      0 |   1 |  396.0 |
               +--------+--------+--------+--------+--------+-----+--------+

Top non-repeatable levels by time:
     D:5: 1331 daAuts
     D:4: 1250 daAuts
     D:8: 1237 daAuts
     D:2: 1209 daAuts
    D:11: 1206 daAuts
    D:10: 1179 daAuts
     D:7: 1050 daAuts
     D:6: 893 daAuts
     D:9: 730 daAuts
     D:3: 685 daAuts
     D:1: 602 daAuts
  Bailey: 396 daAuts
    D:12: 279 daAuts
 Ossuary: 127 daAuts
  Temple: 117 daAuts
